 Dungeon Crawl Stone Soup version 0.28.0 (webtiles) character file.

Game seed: 13056117038689632011

662 boopmooplesden the Slasher (level 7, -1/61 HPs)
             Began as a Minotaur Fighter on Feb 4, 2022.
             Slain by a rust devil (10 damage)
             ... summoned by a kobold demonologist
             ... on level 5 of the Dungeon.
             The game lasted 00:06:38 (4102 turns).

boopmooplesden the Slasher (Minotaur Fighter)       Turns: 4102, Time: 00:06:38

Health: -1/61      AC: -10   Str: 20    XL:     7   Next: 30%
Magic:  6/6        EV:  6    Int:  5    God:
Gold:   408        SH:  9    Dex: 12    Spells: 6/6 levels left

rFire   . . .      SeeInvis .   a - +2 long sword
rCold   . . .      Faith    .   s - +0 kite shield
rNeg    . . .      Spirit   .   e - +0 chain mail
rPois   .          Reflect  .   i - +0 hat
rElec   .          Harm     .   j - +2 cloak
rCorr   .          Rampage  .   (no gloves)
Will    +....                   (no boots)
Stlth   ..........              (no amulet)
HPRegen 0.20/turn               (no ring)
MPRegen 0.10/turn               (no ring)

@: corroded, hasted, very quick
A: horns 2, retaliatory headbutt, deformed body, strong-willed 1, subdued magic
1
a: no special abilities


You were on level 5 of the Dungeon.
You visited 1 branch of the dungeon, and saw 5 of its levels.
You also visited: Ossuary.

You collected 408 gold pieces.

Inventory:

Hand Weapons
 a - a +2 long sword (weapon)
 o - a +1 flail of protection
Armour
 e - a +0 chain mail (worn)
 i - a +0 hat (worn)
 j - a +2 cloak (worn)
 s - a +0 kite shield (worn)
Jewellery
 p - a ring of positive energy
 r - a +4 ring of slaying
 t - a ring of flight
Scrolls
 q - 5 scrolls of teleportation
Potions
 d - 2 potions of heal wounds
 f - 3 potions of curing
 g - 2 potions of flight
 h - a potion of resistance {unknown}
 l - a potion of degeneration {unknown}
 m - 2 potions of attraction


   Skills:
 + Level 5.0 Fighting
 + Level 6.4 Long Blades
 + Level 6.0 Armour
 + Level 1.0 Dodging
 + Level 0.4 Stealth
 + Level 5.4 Shields


You had 6 spell levels left.
You didn't know any spells.
Your spell library was empty.

Dungeon Overview and Level Annotations

Branches:
Dungeon (5/15)            Ossuary (visited)
 Temple: D:4-7

Altars:
Elyvilon


Innate Abilities, Weirdness & Mutations

You have a pair of horns on your head.
You reflexively headbutt those who attack you in melee.
Armour fits poorly on your strangely shaped body.
You are strong-willed. (Will+)
Your spells are a little easier to cast, but a little less powerful.


Message History

You hit the kobold demonologist but do no damage.
You headbutt the kobold demonologist.
The kobold demonologist is heavily wounded.
You block the kobold demonologist's attack.
You block the rust devil's attack.
The kobold demonologist casts a spell.
The rust devil barely misses you. You furiously retaliate!
You headbutt the rust devil.
You feel yourself speed up. The rust devil hits you.
The rust devil corrodes you!
You block the kobold demonologist's attack.
You slash the kobold demonologist!
The kobold demonologist is almost dead.
You hit the kobold demonologist but do no damage.
The kobold demonologist is almost dead.
The kobold demonologist barely misses you.
You furiously retaliate!
You headbutt the kobold demonologist, but do no damage.
The rust devil hits you! The rust devil corrodes you!
You barely miss the kobold demonologist.
You headbutt the kobold demonologist.
The kobold demonologist is almost dead.
The kobold demonologist hits you with a +0 dagger.
* * * LOW HITPOINT WARNING * * *
The rust devil hits you.
* * * LOW HITPOINT WARNING * * *
The rust devil corrodes you!
You closely miss the kobold demonologist.
The kobold demonologist is almost dead.
The kobold demonologist hits you with a +0 dagger.
* * * LOW HITPOINT WARNING * * *
The rust devil barely misses you.
You closely miss the kobold demonologist.
You headbutt the kobold demonologist.
The kobold demonologist is almost dead.
You hit the kobold demonologist but do no damage.
The kobold demonologist is almost dead.
You block the kobold demonologist's attack.
The rust devil hits you!
You die...

.# #.# #.## ...
#########.#
#4WK@4....# .
##r######..# #.#
#.Z5.ZW.r..# ....
##..##.##..#...?.
#$..........>....
##....##..#.....#
#######..##.##.#
#.......
#.###....


You could see a hellwing (summoned), a rust devil (summoned), a kobold
demonologist, a phantom and a quokka.

Vanquished Creatures
  An ogre (D:4)
  A howler monkey (D:5)
  5 hounds
  2 jellies (D:4)
  2 iguanas
  An orc wizard (D:3)
  8 mummies (Ossuary)
  5 adders
  An adder skeleton (D:4)
  2 worms (D:2)
  3 dart slugs
  8 orcs
  7 bats
  2 endoplasms (D:1)
  6 giant cockroaches
  3 gnoll zombies (Ossuary)
  4 goblins
  8 hobgoblins
  6 jackals
  5 quokkas
  7 ball pythons
  2 frilled lizards
  2 hobgoblin zombies (Ossuary)
  6 kobolds
  A kobold zombie (Ossuary)
  2 orc zombies (Ossuary)
  3 rats
103 creatures vanquished.

Notes
Turn   | Place    | Note
-------+----------+-------------------------------------------
     0 | D:1      | boopmooplesden the Minotaur Fighter began the quest for the
                  | Orb.
     0 | D:1      | Reached XP level 1. HP: 19/19 MP: 0/0
   145 | D:1      | Reached XP level 2. HP: 27/27 MP: 1/1
   448 | D:1      | Found a faded altar of an unknown god.
   505 | D:1      | Reached XP level 3. HP: 33/33 MP: 2/2
   869 | D:2      | Reached XP level 4. HP: 39/40 MP: 3/3
  1814 | D:3      | Reached XP level 5. HP: 17/46 MP: 4/4
  2353 | D:3      | Found a white marble altar of Elyvilon.
  2822 | D:3      | Gained mutation: You are clumsy. (Dex -2) [potion of
                  | mutation]
  2822 | D:3      | Gained mutation: Your magical capacity is low. (-10% MP)
                  | [potion of mutation]
  2822 | D:3      | Gained mutation: Your spells are a little easier to cast,
                  | but a little less powerful. [potion of mutation]
  2887 | D:4      | Noticed an ogre
  2898 | D:4      | Killed an ogre
  2899 | D:4      | Reached skill level 5 in Long Blades
  2903 | D:4      | Reached XP level 6. HP: 36/53 MP: 4/4
  2905 | D:4      | Reached skill level 5 in Shields
  3147 | D:4      | Reached skill level 5 in Armour
  3147 | D:4      | Reached skill level 1 in Dodging
  3240 | D:4      | Found a sand-covered staircase.
  3247 | Ossuary  | Entered an ossuary
  3563 | Ossuary  | Lost mutation: Your spells are a little easier to cast, but
                  | a little less powerful. [potion of mutation]
  3563 | Ossuary  | Lost mutation: You are clumsy. (Dex -2) [potion of
                  | mutation]
  3563 | Ossuary  | Lost mutation: Your magical capacity is low. (-10% MP)
                  | [potion of mutation]
  3563 | Ossuary  | Gained mutation: You are strong-willed. (Will+) [potion of
                  | mutation]
  3563 | Ossuary  | Gained mutation: Armour fits poorly on your strangely
                  | shaped body. [potion of mutation]
  3563 | Ossuary  | Gained mutation: Your spells are a little easier to cast,
                  | but a little less powerful. [potion of mutation]
  4045 | D:5      | Entered Level 5 of the Dungeon
  4069 | D:5      | Noticed a kobold demonologist
  4070 | D:5      | Reached XP level 7. HP: 47/60 MP: 6/6
  4091 | D:5      | Reached skill level 5 in Fighting
  4092 | D:5      | Noticed a rust devil
  4093 | D:5      | Noticed a hellwing
  4102 | D:5      | Slain by a rust devil

Illustrated notes

Levels and vault maps discovered:
D:1:      sevenhm_arrival_forest_fort_large_2, layout_rooms,
          ebering_ecumenical_altar_mist, chequers_serial_rivers_room_a
D:2:      layout_basic, minmay_misc_feat_iff
D:3:      layout_loops_corners, elyvilon_altar_1, minmay_misc_feat_rugged,
          minivault_24, minmay_misc_feat_chi
D:4:      nicolae_cairo_tiling, layout_basic, nicolae_ossuary_entry_monument
D:5:      minmay_opposing_rooms, layout_basic, minmay_temple_entry_slanted,
          uniq_grinder

Skill      XL: |  1  2  3  4  5  6  7 |
---------------+----------------------+-----
Shields        | 4 5 |  5.4
Fighting       | 4 5 |  5.0
Armour         | 4 5 6 |  6.0
Long Blades    | 3 4 5 6 |  6.4
Dodging        | 1 |  1.0
Stealth        | |  0.4

Action                   |  1- 3 |  4- 6 |  7- 9 || total
-------------------------+-------+-------+-------++-------
Melee: Long sword        |    67 |   185 |    24 ||   276
       Headbutt          |     7 |    29 |    10 ||    46
  Use: Scroll            |     4 |    10 |       ||    14
       Potion            |       |     3 |     1 ||     4
Armor: Scale mail        |    51 |     1 |       ||    52
       Chain mail        |       |   117 |    12 ||   129
Dodge: Dodged            |    40 |    56 |    12 ||   108
Block: Buckler           |    25 |    12 |       ||    37
       Kite shield       |       |    51 |    14 ||    65
